Barons vs Stars

Created - Monday, January 26, 2015 at 00:01

Goals
1 2 3 T
Barons 3 1 2 6
Stars 1 0 0 1
Shots
1 2 3 T
Barons 4 7 13 24
Stars 12 9 8 29

1st period

1. Barons , Teemu Pulkkinen 14 (Chuck Kobasew, Andy Miele) at 1:42
2. Barons , Chris Porter 5 (Shawn Thornton, Tommy Cross) at 2:06
3. Barons , Devin Setoguchi 32 (Saku Koivu, David Musil) at 10:18
4. Stars , Carlo Colaiacovo 17 (Alexandre Grenier, Justin Shugg) at 11:55 (PP)

Penalties :
Kris Newbury (OKC) for Goalie Interference (Minor) at 4:57, Daniel New (OKC) for Hooking (Minor) at 11:41, Tommy Cross (OKC) for Roughing (Minor) at 12:18

2nd period

5. Barons , Steve Bernier 16 (Ryan Spooner, Torrey Mitchell) at 0:22

Penalties :
David Kolomatis (OKC) for Roughing (Minor) at 8:28

3rd period

6. Barons , Saku Koivu 9 (Devin Setoguchi, Daniel New) at 4:32
7. Barons , Saku Koivu 10 (Devin Setoguchi, David Kolomatis) at 13:16 (PP)

Penalties :
Steven Delisle (TEX) for Hooking (Minor) at 13:03

Goalie Stats

Ray Emery (OKC), 28 saves from 29 shots - (0.966), W, 39-3-8, 60:00 minutes
Joey MacDonald (TEX), 17 saves from 19 shots - (0.895), 39:38 minutes
Hannu Toivonen (TEX), 1 saves from 5 shots - (0.200), L, 3-15-3, 20:22 minutes

Players Stats for Barons

Player Name              G  A  P  +/- PIM S  H  SB GA TA FO     MP     PP MP  PK MP  
------------------------------------------------------------------------------------
Andy Miele               0  1  1   1  0   1  2  0  1  1  2/2    14:30   0:00   1:47 
Chris Porter             1  0  1   1  0   1  2  0  2  1  0/2    11:25   0:00   0:05 
Chuck Kobasew            0  1  1   1  0   2  3  0  0  0  1/1    13:15   0:00   0:00 
Daniel New               0  1  1   1  2   0  2  2  0  4  0/0    23:32   0:00   3:24 
David Kolomatis          0  1  1   1  2   0  0  2  1  0  0/0    26:58   0:13   1:26 
David Musil              0  1  1   1  0   0  1  0  0  1  0/0    25:29   0:13   2:33 
Devin Setoguchi          1  2  3   2  0   4  3  0  1  0  0/0    15:46   0:13   0:00 
John Negrin              0  0  0   3  0   0  0  0  0  0  0/0     5:58   0:00   1:20 
Kris Newbury             0  0  0   1  2   1  0  0  0  0  5/7    10:57   0:00   0:00 
Marc Cantin              0  0  0   0  0   0  0  0  0  1  0/0     7:07   0:00   1:07 
Reid Boucher             0  0  0   2  0   1  2  0  2  0  0/0    15:46   0:13   0:00 
Ryan Spooner             0  1  1   1  0   2  2  0  1  0  3/8    14:16   0:00   0:00 
Saku Koivu               2  1  3   2  0   6  0  2  5  2  13/22  20:51   0:13   4:24 
Shawn Thornton           0  1  1   1  0   1  0  0  0  2  0/0    10:21   0:00   0:00 
Steve Bernier            1  0  1   1  0   2  2  0  0  0  0/0    14:16   0:00   0:00 
Teemu Pulkkinen          1  0  1   1  0   1  2  0  2  0  0/0    14:30   0:00   1:47 
Tommy Cross              0  1  1   4  2   0  1  1  0  2  0/0    29:59   0:00   2:32 
Torrey Mitchell          0  1  1   1  0   2  2  0  3  0  0/1    18:39   0:00   4:19 

Players Stats for Stars

Player Name              G  A  P  +/- PIM S  H  SB GA TA FO     MP     PP MP  PK MP  
------------------------------------------------------------------------------------
Alexandre Grenier        0  1  1  -1  0   2  0  1  2  0  0/0    22:05   3:21   0:13 
Austin Madaisky          0  0  0  -1  0   1  1  0  1  0  0/0    13:05   2:55   0:00 
Cameron Gaunce           0  0  0  -2  0   1  1  1  0  0  0/0    14:28   0:00   0:00 
Carlo Colaiacovo         1  0  1  -1  0   7  3  1  6  1  1/1    22:40   3:16   0:00 
Carter Bancks            0  0  0  -1  0   0  2  1  1  1  0/2    17:00   0:00   0:13 
Jamie Oleksiak           0  0  0  -1  0   0  1  3  0  1  0/0    16:34   0:00   0:13 
Joonas Rask              0  0  0   0  0   0  0  0  0  0  0/0     0:00   0:00   0:00 
Justin Shugg             0  1  1  -3  0   2  2  0  1  0  0/0    23:36   3:21   0:00 
Matt Lowry               0  0  0  -1  0   1  1  0  0  0  3/5    11:50   0:00   0:00 
Matt Tennyson            0  0  0  -3  0   0  4  2  0  2  0/0    29:21   3:16   0:13 
Matt Watkins             0  0  0  -1  0   1  1  0  1  0  0/0    20:31   2:50   0:00 
Michael Davies           0  0  0  -1  0   2  3  0  1  0  0/1    20:31   2:50   0:00 
Patrik Nemeth            0  0  0   0  0   0  0  0  0  0  0/0     0:00   0:00   0:00 
Spencer Machacek         0  0  0  -3  0   5  0  0  4  0  1/1    16:31   0:00   0:00 
Steven Delisle           0  0  0  -2  2   1  2  0  0  2  0/0    26:40   2:55   0:00 
Vinny Saponari           0  0  0   0  0   0  0  0  0  0  0/0     0:29   0:00   0:00 
Wacey Hamilton           0  0  0  -1  0   1  1  1  0  1  6/13   21:34   2:50   0:00 
Zac Dalpe                0  0  0  -3  0   5  0  0  3  0  8/20   22:41   3:21   0:00 

3 Stars

1 - Saku Koivu (OKC)
2 - Devin Setoguchi (OKC)
3 - Ray Emery (OKC)

Power Play

Barons - 1 on 1 Attempt(s) - 100.00%
Stars - 1 on 4 Attempt(s) - 25.00%

Penalty Kill

Barons - 3 on 4 Attempt(s) - 75.00% - Score 0 goal in Penalty Kill
Stars - 0 on 1 Attempt(s) - 0.00% - Score 0 goal in Penalty Kill

Team Stat

Barons - Hits : 24 - Faceoff Wins : 24 - Blocked Shots : 7 - Penalty Minutes : 8
Stars - Hits : 22 - Faceoff Wins : 19 - Blocked Shots : 10 - Penalty Minutes : 2

Official

Referees : Unknown
Linesman : Unknown

Game Notes

Joey MacDonald enters game at 0:22 of 2nd period
John Negrin is injured at 6:13 of 2nd period (Sore Left Knee)
Matt Lowry is injured at 4:22 of 3rd period (Sprained Right Finger)

Finance

Level 1 -- Attendance: 1592 (79.60%) -- Ticket Income $55,720
Level 2 -- Attendance: 737 (73.70%) -- Ticket Income $11,055
Total Attendance: 2329 (77.63%)
Total Ticket Income: $66,775
Other Income: $32,720
Total Income: $99,495

Barons

5 vs 5 Forward 
   Center                   Left Wing                Right Wing               Time % Phy DF OF 
 1 Saku Koivu               Reid Boucher             Devin Setoguchi          35     0   1  4  
 2 Ryan Spooner             Steve Bernier            Torrey Mitchell          30     0   1  4  
 3 Andy Miele               Teemu Pulkkinen          Chuck Kobasew            22     0   1  4  
 4 Kris Newbury             Chris Porter             Shawn Thornton           13     0   1  4  

5 vs 5 Defense 
   Defense                  Defense                                           Time % Phy DF OF 
 1 Tommy Cross              Daniel New                                        35     1   2  2  
 2 David Kolomatis          David Musil                                       30     1   2  2  
 3 Tommy Cross              John Negrin                                       22     1   2  2  
 4 David Kolomatis          David Musil                                       13     1   2  2  

PowerPlay Forward 
   Center                   Left Wing                Right Wing               Time % Phy DF OF 
 1 Saku Koivu               Reid Boucher             Devin Setoguchi          50     0   1  4  
 2 Ryan Spooner             Steve Bernier            Torrey Mitchell          50     0   1  4  

PowerPlay Defense
   Defense                  Defense                                           Time % Phy DF OF 
 1 Tommy Cross              John Negrin                                       60     1   2  2  
 2 David Kolomatis          David Musil                                       40     1   2  2  

Penalty Kill 4 Players Forward 
   Center                   Wing                     Time % Phy DF OF 
 1 Saku Koivu               Torrey Mitchell          60     1   2  2  
 2 Andy Miele               Teemu Pulkkinen          40     1   3  1  

Penalty Kill 4 Players Defense
   Defense                  Defense                  Time % Phy DF OF 
 1 Tommy Cross              Daniel New               60     1   2  2  
 2 David Kolomatis          David Musil              40     1   2  2  

Penalty Kill - 3 Players Forward 
   Forward                                           Time % Phy DF OF 
 1 Saku Koivu                                        50     1   2  2  
 2 Andy Miele                                        50     1   2  2  

Penalty Kill - 3 Players Defense
   Defense                  Defense                  Time % Phy DF OF 
 1 John Negrin              Tommy Cross              60     1   2  2  
 2 David Kolomatis          David Musil              40     1   2  2  

4 vs 4 Forward 
   Center                   Wing                     Time % Phy DF OF 
 1 Saku Koivu               Devin Setoguchi          60     0   1  4  
 2 Ryan Spooner             Chuck Kobasew            40     0   1  4  

4 vs 4 Defense
   Defense                  Defense                  Time % Phy DF OF 
 1 Tommy Cross              John Negrin              60     1   2  2  
 2 David Kolomatis          David Musil              40     1   2  2  

Last Minutes Offensive
   Center                   Left Wing                Right Wing               Defense                  Defense                  
   Saku Koivu               Ryan Spooner             Devin Setoguchi          David Kolomatis          Torrey Mitchell          

Last Minutes Defensive
   Center                   Left Wing                Right Wing               Defense                  Defense                  
   Saku Koivu               Teemu Pulkkinen          Torrey Mitchell          David Kolomatis          Tommy Cross              

Goaltenders
Starting : Ray Emery                
Backup : Mike Lee                 

Extra Forwards
Normal : Chuck Kobasew, Andy Miele, Teemu Pulkkinen - PP : Chuck Kobasew, Teemu Pulkkinen - PK : Torrey Mitchell
Extra Defensemen
Normal : Tommy Cross, John Negrin, David Kolomatis - PP : Tommy Cross - PK : John Negrin, David Kolomatis
Penalty Shots
Saku Koivu, Devin Setoguchi, Steve Bernier, Torrey Mitchell, Teemu Pulkkinen

Stars

5 vs 5 Forward 
   Center                   Left Wing                Right Wing               Time % Phy DF OF 
 1 Zac Dalpe                Justin Shugg             Spencer Machacek         35     1   2  2  
 2 Wacey Hamilton           Matt Watkins             Michael Davies           30     1   2  2  
 3 Matt Lowry               Carter Bancks            Alexandre Grenier        22     1   2  2  
 4 Zac Dalpe                Justin Shugg             Alexandre Grenier        13     1   2  2  

5 vs 5 Defense 
   Defense                  Defense                                           Time % Phy DF OF 
 1 Matt Tennyson            Jamie Oleksiak                                    35     1   2  2  
 2 Steven Delisle           Carlo Colaiacovo                                  30     1   2  2  
 3 Matt Tennyson            Cameron Gaunce                                    22     1   2  2  
 4 Austin Madaisky          Steven Delisle                                    13     1   2  2  

PowerPlay Forward 
   Center                   Left Wing                Right Wing               Time % Phy DF OF 
 1 Zac Dalpe                Justin Shugg             Alexandre Grenier        60     1   2  2  
 2 Wacey Hamilton           Matt Watkins             Michael Davies           40     1   2  2  

PowerPlay Defense
   Defense                  Defense                                           Time % Phy DF OF 
 1 Matt Tennyson            Carlo Colaiacovo                                  60     1   2  2  
 2 Steven Delisle           Austin Madaisky                                   40     1   2  2  

Penalty Kill 4 Players Forward 
   Center                   Wing                     Time % Phy DF OF 
 1 Carter Bancks            Alexandre Grenier        60     1   2  2  
 2 Justin Shugg             Michael Davies           40     1   2  2  

Penalty Kill 4 Players Defense
   Defense                  Defense                  Time % Phy DF OF 
 1 Matt Tennyson            Jamie Oleksiak           60     1   2  2  
 2 Steven Delisle           Carlo Colaiacovo         40     1   2  2  

Penalty Kill - 3 Players Forward 
   Forward                                           Time % Phy DF OF 
 1 Justin Shugg                                      60     1   2  2  
 2 Michael Davies                                    40     1   2  2  

Penalty Kill - 3 Players Defense
   Defense                  Defense                  Time % Phy DF OF 
 1 Matt Tennyson            Carlo Colaiacovo         60     1   2  2  
 2 Steven Delisle           Jamie Oleksiak           40     1   2  2  

4 vs 4 Forward 
   Center                   Wing                     Time % Phy DF OF 
 1 Spencer Machacek         Alexandre Grenier        60     1   2  2  
 2 Justin Shugg             Michael Davies           40     1   2  2  

4 vs 4 Defense
   Defense                  Defense                  Time % Phy DF OF 
 1 Carlo Colaiacovo         Steven Delisle           60     1   2  2  
 2 Cameron Gaunce           Matt Tennyson            40     1   2  2  

Last Minutes Offensive
   Center                   Left Wing                Right Wing               Defense                  Defense                  
   Zac Dalpe                Justin Shugg             Spencer Machacek         Matt Tennyson            Carlo Colaiacovo         

Last Minutes Defensive
   Center                   Left Wing                Right Wing               Defense                  Defense                  
   Zac Dalpe                Justin Shugg             Spencer Machacek         Matt Tennyson            Carlo Colaiacovo         

Goaltenders
Starting : Hannu Toivonen           
Backup : Joey MacDonald           

Extra Forwards
Normal : Alexandre Grenier, Justin Shugg, Carter Bancks - PP : Alexandre Grenier, Justin Shugg - PK : Carter Bancks
Extra Defensemen
Normal : Matt Tennyson, Steven Delisle, Cameron Gaunce - PP : Steven Delisle - PK : Steven Delisle, Matt Tennyson
Penalty Shots
Carter Bancks, Zac Dalpe, Justin Shugg, Michael Davies, Alexandre Grenier

% Time on Ice - Barons

Lines # - Real PCT - Wanted PCT - Time Play
Normal Forward
1 - 30% - 35% - 16:15
2 - 29% - 30% - 15:42
3 - 21% - 22% - 11:18
4 - 19% - 13% - 10:21
Normal Defense
1 - 34% - 35% - 18:08
2 - 24% - 30% - 13:02
3 - 36% - 22% - 19:02
4 - 6% - 13% - 3:24
PP Forward
1 - 100% - 50% - 0:13
2 - 0% - 50% - 0:00
PP Defense
1 - 100% - 60% - 0:13
2 - 0% - 40% - 0:00
PK Forward
1 - 71% - 60% - 4:24
2 - 29% - 40% - 1:47
PK Defense
1 - 59% - 60% - 3:38
2 - 41% - 40% - 2:33
PK3 Forward
1 - 0% - 50%
2 - 0% - 50%
PK3 Defense
1 - 0% - 60%
2 - 0% - 40%
44 Forward
1 - 0% - 60%
2 - 0% - 40%
44 Defense
1 - 0% - 60%
2 - 0% - 40%
Last Minute Offensive  - 0:00
Last Minute Defensive  - 0:00
Total
Forward - 60:00
Defense - 60:00

% Time on Ice - Stars

Lines # - Real PCT - Wanted PCT - Time Play
Normal Forward
1 - 32% - 35% - 17:09
2 - 33% - 30% - 17:41
3 - 30% - 22% - 16:02
4 - 5% - 13% - 2:44
Normal Defense
1 - 31% - 35% - 16:38
2 - 28% - 30% - 14:48
3 - 22% - 22% - 11:59
4 - 19% - 13% - 10:11
PP Forward
1 - 54% - 60% - 3:21
2 - 46% - 40% - 2:50
PP Defense
1 - 53% - 60% - 3:16
2 - 47% - 40% - 2:55
PK Forward
1 - 100% - 60% - 0:13
2 - 0% - 40% - 0:00
PK Defense
1 - 100% - 60% - 0:13
2 - 0% - 40% - 0:00
PK3 Forward
1 - 0% - 60%
2 - 0% - 40%
PK3 Defense
1 - 0% - 60%
2 - 0% - 40%
44 Forward
1 - 0% - 60%
2 - 0% - 40%
44 Defense
1 - 0% - 60%
2 - 0% - 40%
Last Minute Offensive  - 0:00
Last Minute Defensive  - 0:00
Total
Forward - 60:00
Defense - 60:00

Play by Play

1st period


0:01 of 1st period - Zac Dalpe wins face-off versus Saku Koivu in neutral zone.
0:55 of 1st period - Wacey Hamilton is hit by Daniel New and loses puck.
1:42 of 1st period - Slapshot by Teemu Pulkkinen.
1:42 of 1st period - Goal by Teemu Pulkkinen - Barons : 1 - Stars : 0.
1:43 of 1st period - Matt Lowry wins face-off versus Chris Porter in neutral zone.
1:50 of 1st period - Snap shot by Matt Lowry.
1:50 of 1st period - Shot Misses the Net.
2:04 of 1st period - Slapshot by Chris Porter.
2:04 of 1st period - Shot Misses the Net.
2:06 of 1st period - Wrist shot by Chris Porter.
2:06 of 1st period - Goal by Chris Porter - Barons : 2 - Stars : 0.
2:07 of 1st period - Chuck Kobasew wins face-off versus Zac Dalpe in neutral zone.
2:50 of 1st period - Justin Shugg is hit by Teemu Pulkkinen and loses puck.
3:03 of 1st period - Saku Koivu is hit by Austin Madaisky and loses puck.
3:08 of 1st period - Snap shot by Michael Davies.
3:08 of 1st period - Stopped by Ray Emery with a rebound.
3:10 of 1st period - Snap shot by Matt Watkins.
3:10 of 1st period - Shot Misses the Net.
3:56 of 1st period - Wrist shot by Alexandre Grenier.
3:56 of 1st period - Stopped by Ray Emery with a rebound.
4:08 of 1st period - Snap shot by Ryan Spooner.
4:08 of 1st period - Shot Blocked by Jamie Oleksiak.
4:57 of 1st period - Minor Penalty to Kris Newbury for Goalie Interference.
4:58 of 1st period - Zac Dalpe wins face-off versus Saku Koivu in Barons zone.
5:02 of 1st period - Snap shot by Zac Dalpe.
5:02 of 1st period - Stopped by Ray Emery with a rebound.
5:04 of 1st period - Snap shot by Carlo Colaiacovo.
5:04 of 1st period - Stopped by Ray Emery with a rebound.
5:06 of 1st period - Snap shot by Justin Shugg.
5:06 of 1st period - Stopped by Ray Emery with a rebound.
5:08 of 1st period - Snap shot by Zac Dalpe.
5:08 of 1st period - Stopped by Ray Emery with a rebound.
5:10 of 1st period - Slapshot by Carlo Colaiacovo.
5:10 of 1st period - Shot Blocked by Saku Koivu.
5:12 of 1st period - Snap shot by Matt Tennyson.
5:12 of 1st period - Deflect By Zac Dalpe.
5:12 of 1st period - Shot Misses the Net.
5:12 of 1st period - Puck is out of play.
5:13 of 1st period - Saku Koivu wins face-off versus Zac Dalpe in Barons zone.
6:57 of 1st period - Penalty to Kris Newbury is over, Kris Newbury is back on ice.
7:17 of 1st period - David Kolomatis is hit by Matt Tennyson and loses puck.
8:08 of 1st period - Off-side.
8:09 of 1st period - Matt Lowry wins face-off versus Ryan Spooner in neutral zone.
8:25 of 1st period - Icing by Tommy Cross.
8:26 of 1st period - Ryan Spooner wins face-off versus Michael Davies in Barons zone.
8:46 of 1st period - Carlo Colaiacovo is hit by Chris Porter and loses puck.
8:53 of 1st period - Snap shot by Shawn Thornton.
8:53 of 1st period - Shot Misses the Net.
9:06 of 1st period - Icing by John Negrin.
9:07 of 1st period - Kris Newbury wins face-off versus Carter Bancks in Barons zone.
9:51 of 1st period - Steven Delisle is hit by Teemu Pulkkinen and loses puck.
9:56 of 1st period - Snap shot by Chuck Kobasew.
9:56 of 1st period - Stopped by Hannu Toivonen with a rebound.
10:18 of 1st period - Slapshot by Devin Setoguchi.
10:18 of 1st period - Goal by Devin Setoguchi - Barons : 3 - Stars : 0.
10:19 of 1st period - Wacey Hamilton wins face-off versus Saku Koivu in neutral zone.
10:26 of 1st period - Matt Watkins is hit by Devin Setoguchi.
10:27 of 1st period - Icing by Matt Watkins.
10:28 of 1st period - Saku Koivu wins face-off versus Wacey Hamilton in Stars zone.
10:33 of 1st period - Slapshot by Saku Koivu.
10:33 of 1st period - Shot Misses the Net.
10:52 of 1st period - Jamie Oleksiak is hit by Reid Boucher and loses puck.
11:41 of 1st period - Minor Penalty to Daniel New for Hooking.
11:42 of 1st period - Saku Koivu wins face-off versus Zac Dalpe in Barons zone.
11:55 of 1st period - Slapshot by Carlo Colaiacovo.
11:55 of 1st period - Goal by Carlo Colaiacovo - Barons : 3 - Stars : 1.
11:56 of 1st period - Zac Dalpe wins face-off versus Ryan Spooner in neutral zone.
12:07 of 1st period - Wrist shot by Zac Dalpe.
12:07 of 1st period - Stopped by Ray Emery without a rebound.
12:08 of 1st period - Spencer Machacek wins face-off versus Torrey Mitchell in Barons zone.
12:18 of 1st period - Minor Penalty to Tommy Cross for Roughing.
12:19 of 1st period - Zac Dalpe wins face-off versus Saku Koivu in Barons zone.
12:19 of 1st period - Slapshot by Carlo Colaiacovo.
12:19 of 1st period - Shot Blocked by Saku Koivu.
12:21 of 1st period - Snap shot by Alexandre Grenier.
12:21 of 1st period - Shot Misses the Net.
13:24 of 1st period - Slapshot by Wacey Hamilton.
13:24 of 1st period - Stopped by Ray Emery without a rebound.
13:25 of 1st period - Andy Miele wins face-off versus Wacey Hamilton in Barons zone.
13:34 of 1st period - Snap shot by Michael Davies.
13:34 of 1st period - Shot Misses the Net.
14:18 of 1st period - Penalty to Tommy Cross is over, Tommy Cross is back on ice.
14:46 of 1st period - Snap shot by Carlo Colaiacovo.
14:46 of 1st period - Stopped by Ray Emery with a rebound.
15:39 of 1st period - Andy Miele is hit by Carter Bancks and loses puck.
16:09 of 1st period - Wacey Hamilton is hit by Chuck Kobasew and loses puck.
16:24 of 1st period - Carlo Colaiacovo is hit by Devin Setoguchi and loses puck.
17:12 of 1st period - Saku Koivu is hit by Carlo Colaiacovo and loses puck.
17:29 of 1st period - Matt Tennyson is hit by David Musil and loses puck.
17:36 of 1st period - Reid Boucher is hit by Michael Davies and loses puck.
19:02 of 1st period - Wrist shot by Spencer Machacek.
19:02 of 1st period - Stopped by Ray Emery with a rebound.
19:12 of 1st period - Slapshot by Justin Shugg.
19:12 of 1st period - Stopped by Ray Emery with a rebound.
Goals for this period are 3 for Barons vs 1 for Stars.
Shots for this period are 4 for Barons vs 12 for Stars.

2nd period


0:01 of 2nd period - Zac Dalpe wins face-off versus Ryan Spooner in neutral zone.
0:20 of 2nd period - Snap shot by Ryan Spooner.
0:20 of 2nd period - Shot Blocked by Matt Tennyson.
0:22 of 2nd period - Snap shot by Steve Bernier.
0:22 of 2nd period - Goal by Steve Bernier - Barons : 4 - Stars : 1.
0:22 of 2nd period - Joey MacDonald enters game.
0:23 of 2nd period - Zac Dalpe wins face-off versus Saku Koivu in neutral zone.
0:26 of 2nd period - Wrist shot by Spencer Machacek.
0:26 of 2nd period - Stopped by Ray Emery with a rebound.
0:38 of 2nd period - Snap shot by Saku Koivu.
0:38 of 2nd period - Shot Blocked by Jamie Oleksiak.
0:44 of 2nd period - Wrist shot by Devin Setoguchi.
0:44 of 2nd period - Deflect By Reid Boucher.
0:44 of 2nd period - Stopped by Joey MacDonald without a rebound.
0:45 of 2nd period - Wacey Hamilton wins face-off versus Ryan Spooner in Stars zone.
0:54 of 2nd period - Snap shot by Torrey Mitchell.
0:54 of 2nd period - Shot Misses the Net.
1:10 of 2nd period - Backhand shot by Michael Davies.
1:10 of 2nd period - Stopped by Ray Emery with a rebound.
1:12 of 2nd period - Slapshot by Carlo Colaiacovo.
1:12 of 2nd period - Stopped by Ray Emery without a rebound.
1:13 of 2nd period - Saku Koivu wins face-off versus Zac Dalpe in Barons zone.
1:42 of 2nd period - Reid Boucher is hit by Matt Tennyson and loses puck.
1:46 of 2nd period - Icing by Reid Boucher.
1:47 of 2nd period - Saku Koivu wins face-off versus Wacey Hamilton in Barons zone.
2:14 of 2nd period - Wrist shot by Carlo Colaiacovo.
2:14 of 2nd period - Deflect By Torrey Mitchell.
2:14 of 2nd period - Stopped by Ray Emery without a rebound.
2:15 of 2nd period - Ryan Spooner wins face-off versus Matt Lowry in Barons zone.
3:12 of 2nd period - Steven Delisle is hit by Andy Miele and loses puck.
3:53 of 2nd period - Wrist shot by Kris Newbury.
3:53 of 2nd period - Stopped by Joey MacDonald without a rebound.
3:54 of 2nd period - Kris Newbury wins face-off versus Wacey Hamilton in Stars zone.
4:19 of 2nd period - Icing by Chris Porter.
4:20 of 2nd period - Kris Newbury wins face-off versus Matt Lowry in Barons zone.
5:57 of 2nd period - Torrey Mitchell is hit by Justin Shugg and loses puck.
6:12 of 2nd period - John Negrin is hit by Carlo Colaiacovo.
6:13 of 2nd period - John Negrin from Barons is injured at 6:13 of 2nd period (Sore Left Knee).
6:14 of 2nd period - Zac Dalpe wins face-off versus Ryan Spooner in Barons zone.
6:41 of 2nd period - Wrist shot by Spencer Machacek.
6:41 of 2nd period - Stopped by Ray Emery with a rebound.
7:24 of 2nd period - Wrist shot by Devin Setoguchi.
7:24 of 2nd period - Deflect By Saku Koivu.
7:24 of 2nd period - Shot Misses the Net.
7:24 of 2nd period - Puck is out of play.
7:25 of 2nd period - Saku Koivu wins face-off versus Wacey Hamilton in Stars zone.
7:32 of 2nd period - Slapshot by Saku Koivu.
7:32 of 2nd period - Stopped by Joey MacDonald with a rebound.
7:38 of 2nd period - Slapshot by Carlo Colaiacovo.
7:38 of 2nd period - Stopped by Ray Emery with a rebound.
7:40 of 2nd period - Wrist shot by Steven Delisle.
7:40 of 2nd period - Stopped by Ray Emery with a rebound.
7:52 of 2nd period - Wrist shot by Saku Koivu.
7:52 of 2nd period - Shot Misses the Net.
8:16 of 2nd period - Alexandre Grenier is hit by Daniel New and loses puck.
8:28 of 2nd period - Minor Penalty to David Kolomatis for Roughing.
8:29 of 2nd period - Saku Koivu wins face-off versus Zac Dalpe in Barons zone.
9:13 of 2nd period - Off-side.
9:14 of 2nd period - Saku Koivu wins face-off versus Wacey Hamilton in neutral zone.
9:26 of 2nd period - Torrey Mitchell is hit by Michael Davies and loses puck.
10:03 of 2nd period - Snap shot by Zac Dalpe.
10:03 of 2nd period - Shot Misses the Net.
10:05 of 2nd period - Slapshot by Carlo Colaiacovo.
10:05 of 2nd period - Deflect By Zac Dalpe.
10:05 of 2nd period - Shot Blocked by Daniel New.
10:05 of 2nd period - Puck is out of play.
10:06 of 2nd period - Saku Koivu wins face-off versus Zac Dalpe in Barons zone.
10:28 of 2nd period - Penalty to David Kolomatis is over, David Kolomatis is back on ice.
11:40 of 2nd period - Wrist shot by Zac Dalpe.
11:40 of 2nd period - Deflect By Spencer Machacek.
11:40 of 2nd period - Stopped by Ray Emery with a rebound.
11:42 of 2nd period - Wrist shot by Justin Shugg.
11:42 of 2nd period - Shot Misses the Net.
11:44 of 2nd period - Slapshot by Jamie Oleksiak.
11:44 of 2nd period - Shot Misses the Net.
11:50 of 2nd period - Slapshot by Spencer Machacek.
11:50 of 2nd period - Stopped by Ray Emery with a rebound.
11:52 of 2nd period - Slapshot by Jamie Oleksiak.
11:52 of 2nd period - Deflect By Spencer Machacek.
11:52 of 2nd period - Shot Blocked by David Kolomatis.
11:52 of 2nd period - Puck is out of play.
11:53 of 2nd period - Matt Lowry wins face-off versus Kris Newbury in Barons zone.
12:58 of 2nd period - Slapshot by Ryan Spooner.
12:58 of 2nd period - Shot Misses the Net.
13:05 of 2nd period - Wrist shot by Ryan Spooner.
13:05 of 2nd period - Stopped by Joey MacDonald with a rebound.
13:42 of 2nd period - Slapshot by Alexandre Grenier.
13:42 of 2nd period - Shot Blocked by Daniel New.
14:16 of 2nd period - Matt Lowry is hit by Steve Bernier and loses puck.
15:08 of 2nd period - Tommy Cross is hit by Matt Watkins and loses puck.
15:47 of 2nd period - Chuck Kobasew is hit by Matt Lowry and loses puck.
16:24 of 2nd period - Chuck Kobasew is hit by Wacey Hamilton.
16:48 of 2nd period - Snap shot by Saku Koivu.
16:48 of 2nd period - Stopped by Joey MacDonald with a rebound.
17:22 of 2nd period - Cameron Gaunce is hit by Torrey Mitchell and loses puck.
17:50 of 2nd period - Ryan Spooner is hit by Cameron Gaunce and loses puck.
18:15 of 2nd period - Tommy Cross is hit by Steven Delisle and loses puck.
18:52 of 2nd period - Slapshot by Shawn Thornton.
18:52 of 2nd period - Stopped by Joey MacDonald with a rebound.
19:28 of 2nd period - Jamie Oleksiak is hit by Chuck Kobasew and loses puck.
19:57 of 2nd period - Tommy Cross is hit by Carlo Colaiacovo and loses puck.
Goals for this period are 1 for Barons vs 0 for Stars.
Shots for this period are 7 for Barons vs 9 for Stars.

3rd period


0:01 of 3rd period - Zac Dalpe wins face-off versus Saku Koivu in neutral zone.
0:04 of 3rd period - Snap shot by Alexandre Grenier.
0:04 of 3rd period - Stopped by Ray Emery without a rebound.
0:05 of 3rd period - Saku Koivu wins face-off versus Zac Dalpe in Barons zone.
0:10 of 3rd period - Zac Dalpe is hit by Tommy Cross and loses puck.
1:01 of 3rd period - David Musil is hit by Matt Tennyson and loses puck.
1:19 of 3rd period - Slapshot by Carlo Colaiacovo.
1:19 of 3rd period - Shot Misses the Net.
2:15 of 3rd period - David Kolomatis is hit by Steven Delisle.
2:19 of 3rd period - Wrist shot by Zac Dalpe.
2:19 of 3rd period - Stopped by Ray Emery with a rebound.
3:09 of 3rd period - Slapshot by Matt Lowry.
3:09 of 3rd period - Stopped by Ray Emery with a rebound.
3:11 of 3rd period - Slapshot by Cameron Gaunce.
3:11 of 3rd period - Stopped by Ray Emery with a rebound.
3:51 of 3rd period - Devin Setoguchi is hit by Michael Davies and loses puck.
4:15 of 3rd period - Slapshot by Austin Madaisky.
4:15 of 3rd period - Stopped by Ray Emery with a rebound.
4:21 of 3rd period - Matt Lowry is hit by Devin Setoguchi and loses puck.
4:22 of 3rd period - Matt Lowry from Stars is injured at 4:22 of 3rd period (Sprained Right Finger).
4:23 of 3rd period - Saku Koivu wins face-off versus Zac Dalpe in Stars zone.
4:24 of 3rd period - Wrist shot by Devin Setoguchi.
4:24 of 3rd period - Deflect By Spencer Machacek.
4:24 of 3rd period - Stopped by Joey MacDonald with a rebound.
4:32 of 3rd period - Wrist shot by Saku Koivu.
4:32 of 3rd period - Goal by Saku Koivu - Barons : 5 - Stars : 1.
4:33 of 3rd period - Saku Koivu wins face-off versus Zac Dalpe in neutral zone.
5:32 of 3rd period - Matt Watkins is hit by Ryan Spooner.
5:50 of 3rd period - Slapshot by Michael Davies.
5:50 of 3rd period - Shot Misses the Net.
5:52 of 3rd period - Snap shot by Matt Watkins.
5:52 of 3rd period - Stopped by Ray Emery with a rebound.
5:54 of 3rd period - Snap shot by Matt Watkins.
5:54 of 3rd period - Shot Blocked by Tommy Cross.
5:56 of 3rd period - Wrist shot by Michael Davies.
5:56 of 3rd period - Shot Misses the Net.
6:06 of 3rd period - Steven Delisle is hit by Steve Bernier and loses puck.
7:05 of 3rd period - Snap shot by Chris Porter.
7:05 of 3rd period - Shot Misses the Net.
7:07 of 3rd period - Slapshot by David Kolomatis.
7:07 of 3rd period - Shot Misses the Net.
7:09 of 3rd period - Snap shot by David Kolomatis.
7:09 of 3rd period - Shot Blocked by Cameron Gaunce.
7:11 of 3rd period - Snap shot by Kris Newbury.
7:11 of 3rd period - Deflect By Shawn Thornton.
7:11 of 3rd period - Shot Misses the Net.
7:11 of 3rd period - Puck is out of play.
7:12 of 3rd period - Wacey Hamilton wins face-off versus Kris Newbury in Stars zone.
7:25 of 3rd period - Kris Newbury is hit by Carter Bancks and loses puck.
7:42 of 3rd period - Austin Madaisky is hit by Chris Porter.
8:07 of 3rd period - Snap shot by Devin Setoguchi.
8:07 of 3rd period - Stopped by Joey MacDonald with a rebound.
8:23 of 3rd period - Wrist shot by Devin Setoguchi.
8:23 of 3rd period - Stopped by Joey MacDonald with a rebound.
8:51 of 3rd period - Icing by Teemu Pulkkinen.
8:52 of 3rd period - Andy Miele wins face-off versus Zac Dalpe in Barons zone.
9:06 of 3rd period - Carlo Colaiacovo is hit by Andy Miele and loses puck.
10:02 of 3rd period - Icing by Carlo Colaiacovo.
10:03 of 3rd period - Kris Newbury wins face-off versus Zac Dalpe in Stars zone.
10:49 of 3rd period - Chris Porter is hit by Jamie Oleksiak and loses puck.
10:54 of 3rd period - Wrist shot by Carlo Colaiacovo.
10:54 of 3rd period - Stopped by Ray Emery with a rebound.
11:02 of 3rd period - Wrist shot by Matt Watkins.
11:02 of 3rd period - Shot Blocked by David Kolomatis.
11:25 of 3rd period - Snap shot by Zac Dalpe.
11:25 of 3rd period - Stopped by Ray Emery with a rebound.
11:28 of 3rd period - Icing by Marc Cantin.
11:29 of 3rd period - Wacey Hamilton wins face-off versus Saku Koivu in Barons zone.
12:24 of 3rd period - Austin Madaisky is hit by Torrey Mitchell and loses puck.
13:03 of 3rd period - Minor Penalty to Steven Delisle for Hooking.
13:04 of 3rd period - Saku Koivu wins face-off versus Carter Bancks in Stars zone.
13:08 of 3rd period - Wrist shot by Saku Koivu.
13:08 of 3rd period - Stopped by Joey MacDonald with a rebound.
13:16 of 3rd period - Backhand shot by Saku Koivu.
13:16 of 3rd period - Goal by Saku Koivu - Barons : 6 - Stars : 1.
13:17 of 3rd period - Wacey Hamilton wins face-off versus Saku Koivu in neutral zone.
13:33 of 3rd period - Slapshot by Saku Koivu.
13:33 of 3rd period - Shot Misses the Net.
13:35 of 3rd period - Snap shot by Saku Koivu.
13:35 of 3rd period - Stopped by Joey MacDonald without a rebound.
13:36 of 3rd period - Wacey Hamilton wins face-off versus Saku Koivu in Stars zone.
13:53 of 3rd period - Carlo Colaiacovo is hit by Reid Boucher and loses puck.
14:00 of 3rd period - Snap shot by Devin Setoguchi.
14:00 of 3rd period - Deflect By Saku Koivu.
14:00 of 3rd period - Shot Misses the Net.
14:00 of 3rd period - Puck is out of play.
14:01 of 3rd period - Ryan Spooner wins face-off versus Zac Dalpe in Stars zone.
14:06 of 3rd period - Wrist shot by Torrey Mitchell.
14:06 of 3rd period - Stopped by Joey MacDonald with a rebound.
14:08 of 3rd period - Slapshot by David Kolomatis.
14:08 of 3rd period - Shot Misses the Net.
14:18 of 3rd period - Wrist shot by Ryan Spooner.
14:18 of 3rd period - Shot Blocked by Jamie Oleksiak.
14:32 of 3rd period - Snap shot by Ryan Spooner.
14:32 of 3rd period - Shot Hit the Post.
14:34 of 3rd period - Wrist shot by Steve Bernier.
14:34 of 3rd period - Shot Misses the Net.
14:58 of 3rd period - Alexandre Grenier is hit by Chuck Kobasew.
15:42 of 3rd period - Snap shot by Devin Setoguchi.
15:42 of 3rd period - Shot Blocked by Carlo Colaiacovo.
15:54 of 3rd period - Wrist shot by Devin Setoguchi.
15:54 of 3rd period - Deflect By Saku Koivu.
15:54 of 3rd period - Shot Misses the Net.
15:54 of 3rd period - Puck is out of play.
15:55 of 3rd period - Kris Newbury wins face-off versus Wacey Hamilton in Stars zone.
17:01 of 3rd period - Slapshot by Ryan Spooner.
17:01 of 3rd period - Shot Misses the Net.
17:03 of 3rd period - Snap shot by Ryan Spooner.
17:03 of 3rd period - Stopped by Joey MacDonald with a rebound.
17:05 of 3rd period - Snap shot by Torrey Mitchell.
17:05 of 3rd period - Stopped by Joey MacDonald with a rebound.
17:07 of 3rd period - Wrist shot by Torrey Mitchell.
17:07 of 3rd period - Deflect By Steve Bernier.
17:07 of 3rd period - Stopped by Joey MacDonald with a rebound.
17:23 of 3rd period - Jamie Oleksiak is hit by Ryan Spooner and loses puck.
18:03 of 3rd period - Slapshot by Carlo Colaiacovo.
18:03 of 3rd period - Shot Misses the Net.
18:29 of 3rd period - Slapshot by Andy Miele.
18:29 of 3rd period - Deflect By Chuck Kobasew.
18:29 of 3rd period - Stopped by Joey MacDonald with a rebound.
18:31 of 3rd period - Slapshot by Andy Miele.
18:31 of 3rd period - Shot Blocked by Wacey Hamilton.
18:33 of 3rd period - Wrist shot by Andy Miele.
18:33 of 3rd period - Stopped by Joey MacDonald with a rebound.
18:35 of 3rd period - Wrist shot by Teemu Pulkkinen.
18:35 of 3rd period - Shot Misses the Net.
18:37 of 3rd period - Slapshot by Chuck Kobasew.
18:37 of 3rd period - Shot Misses the Net.
18:39 of 3rd period - Slapshot by David Kolomatis.
18:39 of 3rd period - Shot Blocked by Carter Bancks.
18:43 of 3rd period - Wrist shot by Teemu Pulkkinen.
18:43 of 3rd period - Deflect By Chuck Kobasew.
18:43 of 3rd period - Shot Blocked by Alexandre Grenier.
18:43 of 3rd period - Puck is out of play.
18:44 of 3rd period - Carlo Colaiacovo wins face-off versus Chris Porter in Stars zone.
19:25 of 3rd period - Kris Newbury is hit by Matt Tennyson and loses puck.
19:45 of 3rd period - Daniel New is hit by Justin Shugg and loses puck.
19:58 of 3rd period - Wrist shot by Steve Bernier.
19:58 of 3rd period - Shot Blocked by Matt Tennyson.
Goals for this period are 2 for Barons vs 0 for Stars.
Shots for this period are 13 for Barons vs 8 for Stars.


Output by the SimonT Hockey Simulator (STHS) for Eric Dolegowski -- Original Page W3C XHTML 1.0 Valid
Hockey Simulator - Hockey Simulation - Hockey Manager